 Dungeon Crawl Stone Soup version 0.30-a0-777-ga9a30cbeda (webtiles) character file.

Game seed: 11981580881610872050

8744 BubbleThief the Fighter (level 11, -24/98 HPs)
             Began as a Demonspawn Necromancer on Feb 15, 2023.
             Was a Priest of Kikubaaqudgha.
             Annihilated by a two-headed ogre
             ... wielding a +0 giant club
              (28 damage)
             ... on level 9 of the Dungeon.
             The game lasted 00:20:13 (9397 turns).

BubbleThief the Fighter (Demonspawn Necromancer)    Turns: 9397, Time: 00:20:14

Health: -24/98     AC: 11    Str: 15    XL:     11   Next: 13%
Magic:  2/18       EV: 22    Int: 16    God:    Kikubaaqudgha [***...]
Gold:   490        SH:  0    Dex: 18    Spells: 11/20 levels left

rFire   + . .      SeeInvis .    v - +6 dagger "Wufurruo" {freeze, rElec rPois rF+ rC+}
rCold   + . .      Faith    .    (no shield)
rNeg    . . .      Spirit   .    E - +0 steam dragon scales
rPois   +          Reflect  .    (helmet restricted)
rElec   +          Harm     .    x - +0 cloak
rCorr   .          Rampage  .    j - +0 pair of gloves
Will    .....                    D - +0 pair of boots
Stlth   ++                       (no amulet)
HPRegen 0.36/turn                u - +6 ring of strength
MPRegen 0.16/turn                n - +5 ring of evasion

@: no status effects
A: antennae 2, thin metallic scales 2, icemail 2, condensation shield
a: Renounce Religion, Unearth Wretches


You were on level 9 of the Dungeon.
You worshipped Kikubaaqudgha.
Kikubaaqudgha was most pleased with you.
You visited 1 branch of the dungeon, and saw 9 of its levels.
You also visited: Ossuary.

You collected 490 gold pieces.

Inventory:

Hand Weapons
 v - the +6 dagger "Wufurruo" (weapon) {freeze, rElec rPois rF+ rC+}
   (You took it off an orc wizard on level 4 of the Dungeon)

   rF:        It protects you from fire.
   rC:        It protects you from cold.
   rElec:     It insulates you from electricity.
   rPois:     It protects you from poison.
 I - a +2 heavy scimitar
Missiles
 c - 2 throwing nets
 p - 3 curare-tipped darts
Armour
 a - a +0 robe
 j - a +0 pair of gloves (worn)
 x - a +0 cloak (worn)
 D - a +0 pair of boots (worn)
 E - +0 steam dragon scales (worn)
Jewellery
 n - a +5 ring of evasion (right hand)
 u - a +6 ring of strength (left hand)
Wands
 q - a wand of mindburst (1)
 y - a wand of charming (2)
 z - a wand of polymorph (5)
 F - a wand of digging (9)
 H - a wand of flame (8)
Scrolls
 e - 11 scrolls of identify
 f - 2 scrolls of brand weapon
 g - 2 scrolls of fog
 l - 2 scrolls of magic mapping
 m - 3 scrolls of butterflies {unknown}
 r - 2 scrolls of vulnerability {unknown}
 t - a scroll of fear {unknown}
 w - 2 scrolls of immolation
 A - 3 scrolls of teleportation {unknown}
 C - a scroll of blinking {unknown}
 G - a scroll of enchant armour {unknown}
Potions
 d - a potion of mutation {unknown}
 h - 4 potions of attraction {unknown}
 i - 4 potions of heal wounds {unknown}
 k - 3 potions of curing
 o - 3 potions of lignification {unknown}
 s - 2 potions of haste {unknown}
 B - 2 potions of cancellation {unknown}


   Skills:
 + Level 13.1 Fighting
 + Level 8.0 Dodging
 - Level 1.7 Stealth
 - Level 5.1 Spellcasting
 - Level 7.2 Necromancy


You had 11 spell levels left.
You knew the following spells:

 Your Spells              Type           Power      Damage    Failure   Level
a - Necrotise             Necr           100%       1d9       1%          1
b - Vampiric Draining     Necr           27%        2d7       2%          3
c - Borgnjor's Vile Clut  Necr/Erth      7%         N/A       67%         5

Your spell library contained the following spells:

 Spells                   Type           Power      Damage    Failure   Level
 Sublimation of Blood     Necr           27%        N/A       1%          2
 Animate Dead             Necr           27%        N/A       8%          4
 Cigotuvi's Dreadful Rot  Necr/Pois/Air  22%        N/A       9%          2
 Blink                    Tloc           8%         N/A       22%         2
 Poisonous Vapours        Pois/Air       8%         N/A       22%         2
 Agony                    Necr           27%        N/A       22%         5
 Anguish                  Hex/Necr       7%         N/A       32%         4
 Dazzling Flash           Conj/Hex       8%         N/A       41%         3
 Mephitic Cloud           Conj/Pois/Air  4%         N/A       41%         3
 Iskenderun's Mystic Bla  Conj/Tloc      4%         2d3       83%         4
 Manifold Assault         Tloc           4%         N/A       83%         4
 Simulacrum               Ice/Necr       7%         N/A       99%         6
 Starburst                Conj/Fire      2%         6d3       100%        6
 Storm Form               Tmut/Air       2%         N/A       100%        7


Dungeon Overview and Level Annotations

Branches:
Dungeon (9/15)             Temple (0/1) D:6         Ossuary (visited)
   Lair: D:8-11         Orc: D:9-12

Altars:
Hepliaklqana
Kikubaaqudgha
Yredelemnul

Shops:
D:4 [

Annotations:
D:4 Grinder


Innate Abilities, Weirdness & Mutations

You have a pair of antennae on your head.
You are mostly covered in thin metallic scales. (AC +3)
A meltable icy envelope protects you from harm. (AC +0)
A meltable shield of frost defends you. (SH +0)


Message History

You draw life force from the two-headed ogre!
You feel life coursing into your body.
Casting: Vampiric Draining (mildly dangerous; 2% risk of failure)
Confirm with . or Enter, or press ? or * to list all spells.
Aiming: Vampiric Draining (mildly dangerous; 2% risk of failure)
Press: ? - help, Shift-Dir - straight line, f/p - two-headed ogre
Aim: a two-headed ogre, wielding two +0 giant clubs (severely wounded)
You draw life force from the two-headed ogre!
You feel life coursing into your body.
The two-headed ogre completely misses you. x2
Casting: Vampiric Draining (mildly dangerous; 2% risk of failure)
Confirm with . or Enter, or press ? or * to list all spells.
Aiming: Vampiric Draining (mildly dangerous; 2% risk of failure)
Press: ? - help, Shift-Dir - straight line, f/p - two-headed ogre
Aim: a two-headed ogre, wielding two +0 giant clubs (severely wounded)
You draw life force from the two-headed ogre!
You feel life coursing into your body. The two-headed ogre barely misses you.
The two-headed ogre misses you.
You hit the two-headed ogre but do no damage.
The two-headed ogre is almost dead.
You barely miss the two-headed ogre.
The two-headed ogre is almost dead.
The two-headed ogre barely misses you.
The two-headed ogre hits you with a +0 giant club!
* * * LOW HITPOINT WARNING * * *
You barely miss the two-headed ogre.
The two-headed ogre is almost dead.
The two-headed ogre misses you. x2
You hit the two-headed ogre but do no damage.
The two-headed ogre is almost dead.
You barely miss the two-headed ogre.
The two-headed ogre is almost dead.
The two-headed ogre barely misses you.
The two-headed ogre hits you with a +0 giant club!
* * * LOW HITPOINT WARNING * * *
You hit the two-headed ogre. You freeze the two-headed ogre.
The two-headed ogre is almost dead.
The two-headed ogre hits you with a +0 giant club!!
You die...
Kikubaaqudgha rasps: "You have failed me!
Welcome... death!"

# .# ..# ####
..#
+#####..###^..##
.......@........
.......)O.......
.......[........
.......)....<...
................
................
...###+###..##..
... +## #


You could see a two-headed ogre.

Vanquished Creatures
  2 ogre magi (D:7)
  A two-headed ogre (D:8)
  An orc sorcerer (D:7)
  Maggie (D:8)
  A hornet (D:8)
  2 wyverns (D:8)
  13 yaks
  Sigmund (D:2)
  A steam dragon (D:9)
  An orc warrior (D:9)
  A water moccasin (D:7)
  4 ice beasts
  2 ogres
  A centaur (D:5)
  2 phantoms
  2 kobold brigands (D:7)
  Blork the orc (D:4)
  2 bullfrogs
  3 necrophages
  8 scorpions
  3 wights
  5 killer bees (D:6)
  A centaur zombie (Ossuary)
  2 jellies
  3 human zombies (Ossuary)
  2 orc priests
  2 hounds
  4 iguanas
  4 orc wizards
  4 mummies (Ossuary)
  6 gnolls
  11 adders
  2 white imps
  A worm (D:2)
  2 dart slugs (D:3)
  29 orcs
  10 bats
  7 endoplasms
  2 giant cockroaches
  2 gnoll zombies (Ossuary)
  6 goblins
  2 hobgoblins
  4 jackals (D:2)
  2 quokkas (D:5)
  6 ball pythons
  A hobgoblin zombie (Ossuary)
  5 kobolds
  A kobold zombie (Ossuary)
  5 rats
184 creatures vanquished.

Vanquished Creatures (collateral kills)
  2 yaks (D:8)
  A steam dragon (D:7)
  A bullfrog (D:8)
  An orc wizard (D:7)
  A shadow imp (D:7)
6 creatures vanquished.

Vanquished Creatures (others)
  A human (D:3)
  An orc (D:9)
  4 fungi (D:5)
6 creatures vanquished.

Grand Total: 196 creatures vanquished

Notes
Turn   | Place    | Note
-------+----------+-------------------------------------------
     0 | D:1      | BubbleThief the Demonspawn Necromancer began the quest for
                  | the Orb.
     0 | D:1      | Reached XP level 1. HP: 13/13 MP: 3/3
   184 | D:1      | Gained mutation: You are partially covered in thin metallic
                  | scales. (AC +2) [demonic ancestry]
   184 | D:1      | Reached XP level 2. HP: 19/19 MP: 1/5
   781 | D:2      | Reached skill level 5 in Necromancy
   781 | D:2      | Reached XP level 3. HP: 24/24 MP: 0/7
  1289 | D:2      | Noticed Sigmund
  2020 | D:3      | Reached XP level 4. HP: 30/30 MP: 3/8
  2561 | D:3      | Found an ancient bone altar of Kikubaaqudgha.
  2563 | D:3      | Noticed a human
  2564 | D:3      | Killed a human
  2566 | D:3      | Became a worshipper of Kikubaaqudgha
  2731 | D:4      | Noticed Blork the orc
  2742 | D:4      | Killed Blork the orc
  2743 | D:4      | Gained mutation: You have a pair of small antennae on your
                  | head. [demonic ancestry]
  2743 | D:4      | Reached XP level 5. HP: 26/35 MP: 1/10
  3415 | D:4      | Gained mutation: A meltable shield of frost defends you.
                  | (SH +0) [demonic ancestry]
  3415 | D:4      | Reached XP level 6. HP: 34/41 MP: 12/12
  3451 | D:4      | Found a hazy altar of Hepliaklqana.
  3499 | D:4      | Identified the +6 dagger "Wufurruo" {freeze, rElec rPois
                  | rF+ rC+}
  3777 | D:4      | Found Royheq's Armour Boutique.
  3821 | D:4      | Noticed Grinder
  3939 | D:2      | Killed Sigmund
  3940 | D:2      | Reached skill level 5 in Spellcasting
  3940 | D:2      | Gained mutation: A meltable icy envelope protects you from
                  | harm. (AC +0) [demonic ancestry]
  3940 | D:2      | Reached XP level 7. HP: 39/46 MP: 8/14
  4063 | D:5      | Entered Level 5 of the Dungeon
  4113 | D:5      | Found a basalt altar of Yredelemnul.
  4437 | D:5      | Reached skill level 2 in Fighting
  4535 | D:5      | Reached skill level 3 in Fighting
  4607 | D:5      | Reached skill level 4 in Fighting
  5259 | D:5      | Reached skill level 5 in Fighting
  5266 | D:5      | Gained mutation: You have a pair of antennae on your head.
                  | [demonic ancestry]
  5266 | D:5      | Reached XP level 8. HP: 62/62 MP: 4/15
  5569 | D:5      | Reached skill level 6 in Fighting
  5672 | D:6      | Found a sand-covered staircase.
  5677 | Ossuary  | Entered an ossuary
  5774 | Ossuary  | Reached * piety under Kikubaaqudgha
  5774 | Ossuary  | Received a gift from Kikubaaqudgha
  6138 | D:6      | Reached skill level 7 in Fighting
  6171 | D:6      | Learned a level 3 spell: Vampiric Draining
  6369 | D:6      | Reached skill level 8 in Fighting
  6639 | D:6      | Reached skill level 9 in Fighting
  6642 | D:6      | Gained mutation: You are mostly covered in thin metallic
                  | scales. (AC +3) [demonic ancestry]
  6642 | D:6      | Reached XP level 9. HP: 61/76 MP: 9/16
  6866 | D:6      | Found a staircase to the Ecumenical Temple.
  6992 | D:6      | Reached ** piety under Kikubaaqudgha
  7294 | D:6      | Reached skill level 10 in Fighting
  7685 | D:7      | Noticed an orc sorcerer
  7834 | D:7      | Noticed an ogre mage
  7844 | D:7      | Noticed an ogre mage
  7845 | D:7      | Killed an orc sorcerer
  7846 | D:7      | Reached skill level 11 in Fighting
  7875 | D:7      | Killed an ogre mage
  7876 | D:7      | Reached XP level 10. HP: 84/88 MP: 2/17
  7907 | D:7      | Reached skill level 5 in Dodging
  7909 | D:7      | Killed an ogre mage
  7934 | D:7      | Noticed a gargoyle
  8133 | D:8      | Reached skill level 12 in Fighting
  8706 | D:8      | Noticed a two-headed ogre
  8719 | D:8      | Killed a two-headed ogre
  8719 | D:8      | Reached *** piety under Kikubaaqudgha
  8719 | D:8      | Received a gift from Kikubaaqudgha
  8720 | D:8      | Gained mutation: A meltable icy envelope protects you from
                  | harm. (AC +0) [demonic ancestry]
  8720 | D:8      | Reached XP level 11. HP: 91/97 MP: 15/18
  8781 | D:8      | Reached skill level 13 in Fighting
  8881 | D:8      | Noticed Maggie
  8897 | D:8      | Killed Maggie
  9269 | D:8      | Learned a level 5 spell: Borgnjor's Vile Clutch
  9372 | D:9      | Noticed a two-headed ogre
  9396 | D:9      | HP: 3/98 [two-headed ogre/+0 giant club (8)]
  9397 | D:9      | Annihilated by a two-headed ogre

Illustrated notes

Levels and vault maps discovered:
D:1:      nzn_arrival_depleted_hourglass, layout_rooms
D:2:      layout_basic, chequers_serial_rivers_small_b, uniq_sigmund
D:3:      layout_basic, tgw_kikubaaqudgha, minmay_misc_feat_rugged
D:4:      layout_gridville, general_overflow_altar, serial_shops,
          nicolae_shop_statue_plus, minmay_door_square, uniq_blork_the_orc,
          uniq_grinder
D:5:      old_forge, layout_loops_ring, yredelemnul_altar_generic,
          kennysheep_small_spiral, kennysheep_generic_room_13
D:6:      layout_loops_ring, minmay_temple_entry_offerings,
          nicolae_ossuary_entry_ruins, minmay_quadrilaterals
D:7:      minmay_the_grid_plus [minmay_the_grid_diamond_grid,
          minmay_the_grid_minigrid_large, minmay_the_grid_minigrid_medium,
          minmay_the_grid_tri_star, minmay_the_grid_prize_four_corners],
          layout_gridville, kennysheep_generic_room_3
D:8:      layout_loops_ring, special_room [special_room_orc],
          dreamdust_princess_bridge, minmay_statues_item, uniq_maggie
D:9:      layout_gridville, feat_on_display

Skill      XL: |  1  2  3  4  5  6  7  8  9 10 11 |
---------------+----------------------------------+-----
Necromancy     | 5 6 7 |  7.2
Spellcasting   | 3 4 5 |  5.1
Fighting       | 5 9 11 12 13 | 13.1
Dodging        | 4 7 8 |  8.0
Stealth        | |  1.7

Action                     |  1- 3 |  4- 6 |  7- 9 | 10-12 || total
---------------------------+-------+-------+-------+-------++-------
  Melee: Dagger            |       |    12 |   197 |   257 ||   466
         Punch             |       |       |     2 |     4 ||     6
   Cast: Necrotise         |    70 |    79 |   215 |    47 ||   411
         Vampiric Draining |       |       |       |    13 ||    13
         Borgnjor's Vile C |       |       |       |     1 ||     1
  Evoke: Wand              |       |       |     1 |     1 ||     2
    Use: Scroll            |       |       |     4 |       ||     4
         Potion            |       |       |       |     1 ||     1
   Stab: Sleeping          |       |       |     3 |       ||     3
         Distracted        |       |       |     1 |     1 ||     2
 Armour: Robe              |     6 |     4 |    58 |       ||    68
         Steam dragon scal |       |       |     9 |    46 ||    55
  Dodge: Dodged            |    10 |    14 |   171 |   224 ||   419
  Block: Other             |       |       |    40 |    40 ||    80

Table legend: (Time is in decaauts)
 A = Elapsed time spent in this place.
 B = Non-inter-level travel time spent in this place.
 C = Inter-level travel time spent in this place.
 D = Time resting spent in this place.
 E = Time spent auto-exploring this place.
 F = Levels seen in this place.
 G = Mean time per level.
                   A        B        C        D        E       F      G
               +--------+--------+--------+--------+--------+-----+--------+
         Total |   9401 |   9002 |    399 |    446 |   6774 |  10 |  940.1 |
       Dungeon |   8987 |   8588 |    399 |    306 |   6653 |   9 |  998.6 |
       Ossuary |    413 |    413 |      0 |    140 |    121 |   1 |  413.0 |
               +--------+--------+--------+--------+--------+-----+--------+

Top non-repeatable levels by time:
     D:5: 1540 daAuts
     D:6: 1389 daAuts
     D:8: 1285 daAuts
     D:2: 1175 daAuts
     D:3: 1164 daAuts
     D:4: 1022 daAuts
     D:1: 704 daAuts
     D:7: 675 daAuts
 Ossuary: 413 daAuts
     D:9: 30 daAuts
